3358 views
Uploaded 2020-03-21 02:49:56
Game version 1.32.3
18:00 long 4on4 ladder game on (8)NerubianPassage
Saved by Teelo
3358 views
Uploaded 2020-03-21 02:49:56
Game version 1.32.3
18:00 long 4on4 ladder game on (8)NerubianPassage


120 units @ 13.8k
/ 1.2k
137 buildings @ 11.9k
/ 6k



| Potion of Healing | 1 | 150 |
| total: | 1 | 150g |
| Wisp | 26 | 1560 | / | 0 |
| Chimaera | 4 | 1320 | / | 280 |
| Blue Dragonspawn Meddler | 1 | 145 | / | 0 |
| Polar Furbolg Shaman | 1 | 275 | / | 30 |
| total: | 32 | 3300g | / | 310w |
| Ancient Protector | 7 | 945 | / | 560 |
| Altar of Elders | 1 | 180 | / | 50 |
| Moon Well | 6 | 1080 | / | 240 |
| Ancient of Wonders | 1 | 90 | / | 30 |
| Hunter's Hall | 1 | 210 | / | 100 |
| Tree of Life | 1 | 340 | / | 185 |
| Chimaera Roost | 3 | 420 | / | 570 |
| Tree of Ages | 1 | 320 | / | 180 |
| Tree of Eternity | 1 | 330 | / | 200 |
| total: | 20 | 3265g | / | 1735w |
| 0:04 | Wisp |
| 0:04 | Wisp |
| 0:04 | Wisp |
| 0:22 | Altar of Elders |
| 0:31 | Moon Well |
| 0:34 | Wisp |
| 0:34 | Wisp |
| 0:34 | Wisp |
| 0:50 | Wisp |
| 0:50 | Wisp |
| 0:51 | Wisp |
| 0:51 | Wisp |
| 1:11 | Ancient of Wonders |
| 1:13 | Wisp |
| 2:22 | Immolation |
| 2:52 | Tree of Ages |
| 3:00 | Hunter's Hall |
| 3:07 | Moon Well |
| 3:12 | Moon Well |
| 4:05 | Ancient Protector |
| 4:07 | Ancient Protector |
| 4:18 | Moon Well |
| 5:04 | Ancient Protector |
| 5:36 | Wisp |
| 5:36 | Wisp |
| 5:36 | Wisp |
| 5:36 | Wisp |
| 5:44 | Moon Well |
| 5:50 | Ancient Protector |
| 6:09 | Blue Dragonspawn Meddler |
| 6:21 | Evasion |
| 6:33 | Polar Furbolg Shaman |
| 6:48 | Tree of Eternity |
| 7:02 | Ancient Protector |
| 7:07 | Ancient Protector |
| 7:11 | Ancient Protector |
| 8:23 | Trueshot Aura |
| 8:24 | Searing Arrows |
| 8:39 | Potion of Healing |
| 8:50 | Strength of the Wild |
| 8:50 | Reinforced Hides |
| 8:56 | Moon Well |
| 9:25 | Immolation |
| 9:35 | Tree of Life |
| 9:45 | Wisp |
| 9:45 | Wisp |
| 9:45 | Wisp |
| 9:49 | Chimaera Roost |
| 9:51 | Chimaera Roost |
| 9:58 | Chimaera Roost |
| 10:07 | Wisp |
| 10:07 | Wisp |
| 10:07 | Wisp |
| 11:23 | Chimaera |
| 12:08 | Entangling Roots |
| 12:50 | Chimaera |
| 13:13 | Wisp |
| 13:13 | Wisp |
| 13:37 | Corrosive Breath |
| 13:40 | Wisp |
| 14:03 | Wisp |
| 14:04 | Wisp |
| 14:53 | Chimaera |
| 15:40 | Chimaera |
| Right click | 304 |
| Select | 273 |
| Build/train/purchase | 65 |
| Use ability | 10 |
| Resource trade | 6 |
| Misc. action | 3 |
| Item give/drop | 1 |
| Minimap ping | 1 |


| Scroll of Regeneration | 1 | 100 |
| total: | 1 | 100g |
| Peasant | 6 | 450 | / | 0 |
| Footman | 11 | 1485 | / | 0 |
| Rifleman | 9 | 1845 | / | 270 |
| Siege Engine | 4 | 780 | / | 240 |
| total: | 30 | 4560g | / | 510w |
| Scout Tower | 16 | 480 | / | 320 |
| Guard Tower | 7 | 490 | / | 350 |
| Arcane Tower | 5 | 350 | / | 250 |
| Altar of Kings | 1 | 180 | / | 50 |
| Farm | 10 | 800 | / | 200 |
| Lumber Mill | 2 | 240 | / | 0 |
| Barracks | 1 | 160 | / | 60 |
| Blacksmith | 1 | 140 | / | 60 |
| Workshop | 1 | 140 | / | 140 |
| Keep | 1 | 320 | / | 210 |
| Castle | 1 | 360 | / | 210 |
| total: | 32 | 2140g | / | 830w |
| 0:05 | Altar of Kings |
| 0:07 | Peasant |
| 0:07 | Peasant |
| 0:20 | Farm |
| 0:21 | Peasant |
| 0:49 | Lumber Mill |
| 0:55 | Lumber Mill |
| 1:02 | Peasant |
| 1:02 | Peasant |
| 1:23 | Farm |
| 1:35 | Peasant |
| 1:51 | Scout Tower |
| 1:53 | Scout Tower |
| 2:06 | Scout Tower |
| 2:13 | Scout Tower |
| 2:17 | Divine Shield |
| 2:24 | Barracks |
| 2:40 | Farm |
| 2:45 | Farm |
| 3:02 | Guard Tower |
| 3:39 | Footman |
| 3:39 | Footman |
| 3:39 | Footman |
| 3:56 | Keep |
| 4:03 | Guard Tower |
| 4:13 | Scout Tower |
| 4:19 | Scout Tower |
| 4:33 | Farm |
| 4:39 | Footman |
| 4:56 | Scout Tower |
| 4:57 | Scout Tower |
| 5:00 | Arcane Tower |
| 5:34 | Guard Tower |
| 5:36 | Footman |
| 5:36 | Footman |
| 6:01 | Guard Tower |
| 6:04 | Arcane Tower |
| 6:24 | Scroll of Regeneration |
| 6:54 | Footman |
| 6:54 | Footman |
| 6:55 | Footman |
| 7:15 | Scout Tower |
| 7:17 | Scout Tower |
| 7:22 | Farm |
| 7:26 | Holy Light |
| 8:02 | Brilliance Aura |
| 8:25 | Farm |
| 8:26 | Farm |
| 8:27 | Farm |
| 8:58 | Guard Tower |
| 9:02 | Castle |
| 9:14 | Blacksmith |
| 9:16 | Footman |
| 9:16 | Footman |
| 10:57 | Rifleman |
| 10:57 | Rifleman |
| 10:57 | Rifleman |
| 10:58 | Rifleman |
| 12:08 | Guard Tower |
| 12:23 | Scout Tower |
| 12:32 | Scout Tower |
| 12:36 | Scout Tower |
| 12:36 | Scout Tower |
| 12:37 | Scout Tower |
| 12:41 | Rifleman |
| 12:50 | Rifleman |
| 12:50 | Rifleman |
| 13:02 | Workshop |
| 13:08 | Guard Tower |
| 13:34 | Arcane Tower |
| 13:43 | Farm |
| 14:15 | Arcane Tower |
| 14:20 | Scout Tower |
| 14:27 | Siege Engine |
| 14:27 | Siege Engine |
| 14:27 | Siege Engine |
| 14:30 | Rifleman |
| 14:30 | Rifleman |
| 14:52 | Siege Engine |
| 15:11 | Arcane Tower |
| 15:38 | Divine Shield |
| 15:41 | Summon Water Elemental |
| Right click | 365 |
| Select | 219 |
| Misc. action | 79 |
| Build/train/purchase | 57 |
| Select group | 8 |
| Resource trade | 6 |
| Assign group | 4 |
| Use ability | 4 |

| Peasant | 23 | 1725 | / | 0 |
| Footman | 13 | 1755 | / | 0 |
| total: | 36 | 3480g | / | 0w |
| Scout Tower | 45 | 1350 | / | 900 |
| Guard Tower | 16 | 1120 | / | 800 |
| Altar of Kings | 1 | 180 | / | 50 |
| Farm | 7 | 560 | / | 140 |
| Lumber Mill | 1 | 120 | / | 0 |
| Arcane Vault | 1 | 130 | / | 30 |
| Barracks | 1 | 160 | / | 60 |
| Town Hall | 1 | 385 | / | 205 |
| Keep | 1 | 320 | / | 210 |
| total: | 57 | 2885g | / | 1385w |
| 0:04 | Peasant |
| 0:04 | Peasant |
| 0:04 | Peasant |
| 0:20 | Altar of Kings |
| 0:40 | Scout Tower |
| 0:42 | Scout Tower |
| 0:43 | Scout Tower |
| 0:45 | Scout Tower |
| 0:50 | Peasant |
| 0:50 | Peasant |
| 0:50 | Peasant |
| 0:51 | Peasant |
| 0:52 | Peasant |
| 1:00 | Scout Tower |
| 1:02 | Scout Tower |
| 1:06 | Scout Tower |
| 1:08 | Scout Tower |
| 1:09 | Scout Tower |
| 1:10 | Scout Tower |
| 1:15 | Peasant |
| 1:16 | Peasant |
| 1:36 | Farm |
| 2:04 | Farm |
| 2:18 | Farm |
| 2:30 | Lumber Mill |
| 2:39 | Scout Tower |
| 2:40 | Scout Tower |
| 2:41 | Scout Tower |
| 2:42 | Scout Tower |
| 2:50 | Farm |
| 2:52 | Peasant |
| 3:19 | Arcane Vault |
| 3:25 | Scout Tower |
| 3:26 | Scout Tower |
| 3:27 | Scout Tower |
| 3:28 | Scout Tower |
| 3:29 | Scout Tower |
| 3:30 | Scout Tower |
| 3:34 | Summon Water Elemental |
| 3:46 | Farm |
| 3:46 | Farm |
| 4:47 | Guard Tower |
| 4:49 | Guard Tower |
| 5:11 | Peasant |
| 5:12 | Peasant |
| 5:12 | Peasant |
| 5:15 | Scout Tower |
| 5:38 | Peasant |
| 5:39 | Peasant |
| 5:55 | Peasant |
| 6:09 | Guard Tower |
| 6:16 | Scout Tower |
| 6:17 | Scout Tower |
| 6:18 | Scout Tower |
| 6:20 | Scout Tower |
| 6:21 | Scout Tower |
| 6:22 | Scout Tower |
| 6:23 | Scout Tower |
| 6:26 | Scout Tower |
| 6:33 | Peasant |
| 6:33 | Peasant |
| 6:51 | Guard Tower |
| 7:11 | Guard Tower |
| 7:16 | Scout Tower |
| 7:17 | Scout Tower |
| 7:20 | Scout Tower |
| 7:20 | Scout Tower |
| 7:42 | Guard Tower |
| 7:49 | Guard Tower |
| 8:02 | Barracks |
| 8:12 | Guard Tower |
| 8:36 | Footman |
| 8:36 | Footman |
| 8:36 | Footman |
| 8:37 | Footman |
| 8:37 | Footman |
| 8:38 | Footman |
| 8:52 | Guard Tower |
| 9:09 | Scout Tower |
| 9:10 | Scout Tower |
| 9:13 | Scout Tower |
| 9:14 | Scout Tower |
| 9:20 | Scout Tower |
| 9:20 | Scout Tower |
| 9:24 | Scout Tower |
| 9:26 | Scout Tower |
| 9:28 | Scout Tower |
| 9:28 | Scout Tower |
| 9:39 | Guard Tower |
| 9:43 | Guard Tower |
| 9:49 | Guard Tower |
| 9:57 | Guard Tower |
| 10:02 | Scout Tower |
| 10:03 | Scout Tower |
| 10:05 | Guard Tower |
| 10:07 | Guard Tower |
| 10:36 | Guard Tower |
| 11:02 | Footman |
| 11:02 | Footman |
| 11:02 | Footman |
| 11:02 | Footman |
| 11:02 | Footman |
| 11:03 | Footman |
| 11:03 | Footman |
| 11:19 | Keep |
| 12:08 | Peasant |
| 12:08 | Peasant |
| 12:08 | Peasant |
| 12:08 | Peasant |
| 14:03 | Farm |
| 15:44 | Town Hall |
| Right click | 386 |
| Select | 154 |
| Build/train/purchase | 71 |
| Use ability | 2 |
| Remove unit | 1 |


| Peon | 12 | 900 | / | 0 |
| Troll Batrider | 10 | 1600 | / | 400 |
| total: | 22 | 2500g | / | 400w |
| Watch Tower | 17 | 1870 | / | 1360 |
| Altar of Storms | 1 | 180 | / | 50 |
| Orc Burrow | 5 | 800 | / | 200 |
| War Mill | 1 | 205 | / | 0 |
| Voodoo Lounge | 1 | 130 | / | 30 |
| Beastiary | 3 | 435 | / | 420 |
| Stronghold | 1 | 315 | / | 190 |
| Fortress | 1 | 325 | / | 190 |
| total: | 28 | 3620g | / | 2060w |
| 0:03 | Altar of Storms |
| 0:05 | Peon |
| 0:05 | Peon |
| 0:19 | Orc Burrow |
| 0:32 | Peon |
| 0:50 | Peon |
| 0:55 | War Mill |
| 1:00 | Peon |
| 1:15 | Peon |
| 1:17 | Peon |
| 1:41 | Peon |
| 1:53 | Peon |
| 1:56 | Peon |
| 2:11 | Feral Spirit |
| 2:29 | Watch Tower |
| 2:38 | Watch Tower |
| 3:04 | Watch Tower |
| 3:08 | Watch Tower |
| 3:16 | Watch Tower |
| 3:24 | Watch Tower |
| 3:34 | Watch Tower |
| 3:41 | Watch Tower |
| 4:29 | Stronghold |
| 4:47 | Orc Burrow |
| 6:03 | Chain Lighting |
| 6:13 | Spiked Barricades |
| 6:22 | Watch Tower |
| 6:28 | Watch Tower |
| 7:03 | Beastiary |
| 7:12 | Beastiary |
| 7:31 | Reinforced Defenses |
| 7:41 | Voodoo Lounge |
| 8:12 | Orc Burrow |
| 8:48 | Beastiary |
| 8:53 | Peon |
| 8:53 | Peon |
| 9:01 | Troll Batrider |
| 9:25 | Watch Tower |
| 9:33 | Orc Burrow |
| 9:35 | Fortress |
| 9:56 | Troll Batrider |
| 10:01 | Orc Burrow |
| 10:29 | Troll Batrider |
| 10:58 | War Stomp |
| 11:32 | Troll Batrider |
| 11:36 | Watch Tower |
| 11:42 | Watch Tower |
| 12:02 | Liquid Fire |
| 12:12 | Troll Batrider |
| 12:47 | Steel Ranged Weapons |
| 12:50 | Troll Batrider |
| 12:58 | Watch Tower |
| 13:10 | Improved Spiked Barricades |
| 14:39 | Troll Batrider |
| 14:49 | Troll Batrider |
| 15:28 | Troll Batrider |
| 15:56 | Watch Tower |
| 16:05 | Watch Tower |
| 16:15 | Watch Tower |
| 16:24 | Troll Batrider |
| Right click | 295 |
| Select | 174 |
| Build/train/purchase | 48 |
| Select group | 43 |
| Assign group | 13 |
| Use ability | 6 |
| Misc. action | 5 |
| Resource trade | 5 |
| Minimap ping | 1 |
106 units @ 16.8k
/ 2.4k
82 buildings @ 12.4k
/ 5k


| Lesser Clarity Potion | 3 | 210 |
| Scroll of Regeneration | 1 | 100 |
| total: | 4 | 310g |
| Peasant | 7 | 525 | / | 0 |
| Footman | 7 | 945 | / | 0 |
| Gryphon Rider | 5 | 1400 | / | 350 |
| Priest | 2 | 270 | / | 20 |
| Goblin Shredder | 1 | 375 | / | 100 |
| total: | 22 | 3515g | / | 470w |
| Scout Tower | 1 | 30 | / | 20 |
| Arcane Tower | 1 | 70 | / | 50 |
| Altar of Kings | 1 | 180 | / | 50 |
| Barracks | 1 | 160 | / | 60 |
| Farm | 12 | 960 | / | 240 |
| Lumber Mill | 1 | 120 | / | 0 |
| Arcane Vault | 1 | 130 | / | 30 |
| Blacksmith | 1 | 140 | / | 60 |
| Town Hall | 1 | 385 | / | 205 |
| Gryphon Aviary | 2 | 280 | / | 300 |
| Arcane Sanctum | 1 | 150 | / | 140 |
| Keep | 1 | 320 | / | 210 |
| Castle | 1 | 360 | / | 210 |
| total: | 22 | 2535g | / | 1105w |
| 0:03 | Peasant |
| 0:03 | Peasant |
| 0:08 | Altar of Kings |
| 0:13 | Barracks |
| 0:20 | Farm |
| 0:28 | Peasant |
| 0:48 | Peasant |
| 0:54 | Farm |
| 0:59 | Peasant |
| 1:17 | Footman |
| 1:22 | Peasant |
| 1:31 | Farm |
| 1:38 | Footman |
| 1:46 | Peasant |
| 2:06 | Lumber Mill |
| 2:12 | Arcane Vault |
| 2:16 | Storm Bolt |
| 2:27 | Footman |
| 2:32 | Scout Tower |
| 2:47 | Footman |
| 3:01 | Arcane Tower |
| 3:06 | Footman |
| 3:36 | Keep |
| 3:46 | Bash |
| 5:43 | Footman |
| 5:43 | Footman |
| 5:57 | Blacksmith |
| 5:58 | Castle |
| 6:19 | Improved Lumber Harvesting |
| 6:32 | Gryphon Aviary |
| 6:35 | Gryphon Aviary |
| 6:39 | Storm Bolt |
| 6:58 | Lesser Clarity Potion |
| 7:01 | Lesser Clarity Potion |
| 7:16 | Farm |
| 7:18 | Farm |
| 7:18 | Farm |
| 7:18 | Farm |
| 7:54 | Holy Light |
| 8:11 | Iron Forged Swords |
| 8:23 | Gryphon Rider |
| 8:53 | Animal War Training |
| 8:55 | Advanced Lumber Harvesting |
| 9:09 | Scroll of Regeneration |
| 9:09 | Lesser Clarity Potion |
| 9:36 | Goblin Shredder |
| 9:55 | Arcane Sanctum |
| 9:57 | Studded Leather Armor |
| 10:14 | Divine Shield |
| 10:57 | Bash |
| 11:33 | Priest |
| 11:34 | Priest |
| 11:35 | Gryphon Rider |
| 11:39 | Farm |
| 11:57 | Holy Light |
| 13:21 | Steel Forged Swords |
| 13:45 | Priest Adept Training |
| 13:47 | Reinforced Leather Armor |
| 13:49 | Gryphon Rider |
| 13:56 | Town Hall |
| 14:30 | Storm Hammers |
| 14:32 | Farm |
| 14:33 | Farm |
| 14:34 | Farm |
| 14:34 | Farm |
| 15:35 | Storm Bolt |
| 15:37 | Devotion Aura |
| 15:45 | Gryphon Rider |
| 17:07 | Devotion Aura |
| 17:22 | Mithril Forged Swords |
| 17:24 | Gryphon Rider |
| Right click | 407 |
| Select group | 390 |
| Select | 194 |
| Build/train/purchase | 60 |
| Assign group | 52 |
| Use ability | 33 |
| Chat | 31 |
| Minimap ping | 6 |
| Item give/drop | 1 |


| Rod of Necromancy | 1 | 150 |
| Potion of Lesser Invulnerability | 1 | 150 |
| total: | 2 | 300g |
| Acolyte | 7 | 525 | / | 0 |
| Ghoul | 4 | 480 | / | 0 |
| Crypt Fiend | 17 | 3655 | / | 680 |
| Obsidian Statue | 5 | 1000 | / | 175 |
| Necromancer | 3 | 435 | / | 60 |
| total: | 36 | 6095g | / | 915w |
| Nerubian Tower | 2 | 200 | / | 40 |
| Spirit Tower | 5 | 725 | / | 200 |
| Graveyard | 1 | 215 | / | 0 |
| Crypt | 1 | 200 | / | 50 |
| Ziggurat | 10 | 1500 | / | 500 |
| Altar of Darkness | 1 | 180 | / | 50 |
| Tomb of Relics | 1 | 130 | / | 30 |
| Necropolis | 2 | 450 | / | 0 |
| Slaughterhouse | 1 | 140 | / | 135 |
| Temple of the Damned | 1 | 155 | / | 140 |
| Halls of the Dead | 2 | 640 | / | 420 |
| Black Citadel | 2 | 650 | / | 460 |
| total: | 18 | 2970g | / | 905w |
| 0:02 | Acolyte |
| 0:02 | Acolyte |
| 0:06 | Graveyard |
| 0:21 | Crypt |
| 0:47 | Ziggurat |
| 1:00 | Altar of Darkness |
| 1:15 | Tomb of Relics |
| 1:29 | Ghoul |
| 1:29 | Ghoul |
| 1:39 | Ghoul |
| 1:40 | Ghoul |
| 1:50 | Nerubian Tower |
| 2:10 | Crypt Fiend |
| 2:10 | Crypt Fiend |
| 2:28 | Ziggurat |
| 2:56 | Creature Attack |
| 2:57 | Creature Carapace |
| 3:07 | Impale |
| 3:23 | Rod of Necromancy |
| 3:28 | Spirit Tower |
| 4:16 | Crypt Fiend |
| 4:17 | Crypt Fiend |
| 4:21 | Halls of the Dead |
| 5:26 | Spiked Carapace |
| 5:30 | Crypt Fiend |
| 6:23 | Crypt Fiend |
| 6:24 | Crypt Fiend |
| 6:26 | Ziggurat |
| 7:03 | Crypt Fiend |
| 7:08 | Ziggurat |
| 7:16 | Necropolis |
| 7:21 | Necropolis |
| 8:04 | Web |
| 8:21 | Potion of Lesser Invulnerability |
| 8:39 | Impale |
| 8:50 | Burrow |
| 8:50 | Crypt Fiend |
| 8:50 | Crypt Fiend |
| 9:07 | Death Coil |
| 9:19 | Acolyte |
| 9:19 | Acolyte |
| 9:19 | Acolyte |
| 9:19 | Acolyte |
| 9:20 | Acolyte |
| 9:55 | Ziggurat |
| 9:57 | Ziggurat |
| 9:58 | Ziggurat |
| 9:59 | Ziggurat |
| 10:00 | Ziggurat |
| 10:40 | Crypt Fiend |
| 10:40 | Crypt Fiend |
| 10:47 | Slaughterhouse |
| 11:19 | Unholy Aura |
| 11:34 | Crypt Fiend |
| 11:34 | Crypt Fiend |
| 11:37 | Spirit Tower |
| 11:44 | Ziggurat |
| 12:22 | Spiked Carapace |
| 13:08 | Obsidian Statue |
| 13:08 | Obsidian Statue |
| 13:11 | Obsidian Statue |
| 13:14 | Black Citadel |
| 13:35 | Crypt Fiend |
| 14:14 | Temple of the Damned |
| 15:32 | Unholy Aura |
| 16:26 | Death Coil |
| 16:36 | Crypt Fiend |
| 16:36 | Crypt Fiend |
| 16:53 | Spirit Tower |
| 17:01 | Obsidian Statue |
| 17:02 | Obsidian Statue |
| 17:04 | Skeletal Mastery |
| 17:05 | Necromancer |
| 17:05 | Necromancer |
| 17:05 | Necromancer |
| 17:17 | Impale |
| Select group | 555 |
| Right click | 420 |
| Select | 314 |
| Misc. action | 90 |
| Build/train/purchase | 85 |
| Assign group | 21 |
| Use ability | 14 |
| Chat | 4 |
| Esc | 2 |

| Rod of Necromancy | 1 | 150 |
| Sacrificial Skull | 1 | 50 |
| Lesser Clarity Potion | 1 | 70 |
| Scroll of Town Portal | 2 | 700 |
| Boots of Speed | 1 | 250 |
| Staff of Teleportation | 1 | 150 |
| Orb of Lightning | 1 | 375 |
| total: | 8 | 1745g |
| Acolyte | 8 | 600 | / | 0 |
| Ghoul | 7 | 840 | / | 0 |
| Crypt Fiend | 1 | 215 | / | 40 |
| Frost Wyrm | 3 | 1155 | / | 360 |
| Magnataur Warrior | 1 | 340 | / | 15 |
| total: | 20 | 3150g | / | 415w |
| Nerubian Tower | 1 | 100 | / | 20 |
| Spirit Tower | 7 | 1015 | / | 280 |
| Altar of Darkness | 1 | 180 | / | 50 |
| Crypt | 1 | 200 | / | 50 |
| Ziggurat | 13 | 1950 | / | 650 |
| Tomb of Relics | 1 | 130 | / | 30 |
| Graveyard | 2 | 430 | / | 0 |
| Necropolis | 1 | 225 | / | 0 |
| Sacrificial Pit | 1 | 75 | / | 150 |
| Boneyard | 3 | 525 | / | 600 |
| Halls of the Dead | 1 | 320 | / | 210 |
| Black Citadel | 1 | 325 | / | 230 |
| total: | 23 | 3715g | / | 1530w |
| 0:01 | Acolyte |
| 0:02 | Acolyte |
| 0:08 | Altar of Darkness |
| 0:14 | Crypt |
| 0:32 | Ziggurat |
| 0:47 | Acolyte |
| 1:20 | Ghoul |
| 1:20 | Ghoul |
| 1:25 | Nerubian Tower |
| 1:34 | Acolyte |
| 1:37 | Ziggurat |
| 1:51 | Tomb of Relics |
| 2:02 | Ghoul |
| 2:15 | Ghoul |
| 2:21 | Death Coil |
| 2:49 | Graveyard |
| 3:11 | Rod of Necromancy |
| 3:12 | Sacrificial Skull |
| 3:26 | Halls of the Dead |
| 4:20 | Creature Attack |
| 4:21 | Crypt Fiend |
| 4:48 | Ziggurat |
| 4:50 | Ziggurat |
| 5:26 | Unholy Aura |
| 5:42 | Spirit Tower |
| 5:50 | Acolyte |
| 5:50 | Acolyte |
| 5:55 | Acolyte |
| 6:02 | Acolyte |
| 6:22 | Ziggurat |
| 6:49 | Black Citadel |
| 6:57 | Sacrificial Pit |
| 7:18 | Spirit Tower |
| 7:19 | Ziggurat |
| 7:30 | Spirit Tower |
| 7:35 | Unholy Aura |
| 7:36 | Improved Creature Attack |
| 8:07 | Creature Carapace |
| 8:12 | Spirit Tower |
| 8:19 | Necropolis |
| 8:25 | Boots of Speed |
| 8:25 | Staff of Teleportation |
| 8:48 | Graveyard |
| 9:36 | Boneyard |
| 9:36 | Boneyard |
| 9:37 | Boneyard |
| 9:39 | Advanced Creature Attack |
| 10:06 | Ghoul |
| 10:06 | Ghoul |
| 10:12 | Web |
| 10:39 | Death Coil |
| 11:42 | Frost Wyrm |
| 11:45 | Improved Creature Carapace |
| 12:27 | Freezing Breath |
| 12:28 | Frost Wyrm |
| 12:56 | Frost Wyrm |
| 12:59 | Ghoul |
| 13:30 | Advanced Creature Carapace |
| 13:58 | Magnataur Warrior |
| 14:27 | Scroll of Town Portal |
| 14:27 | Orb of Lightning |
| 14:30 | Lesser Clarity Potion |
| 14:32 | Death Coil |
| 15:02 | Ziggurat |
| 15:03 | Ziggurat |
| 15:07 | Ziggurat |
| 15:07 | Ziggurat |
| 15:08 | Ziggurat |
| 15:08 | Ziggurat |
| 15:09 | Ziggurat |
| 15:23 | Burrow |
| 15:59 | Spirit Tower |
| 16:07 | Spirit Tower |
| 16:28 | Unholy Aura |
| 16:50 | Spirit Tower |
| 16:54 | Unholy Strength |
| 16:54 | Unholy Armor |
| 17:45 | Scroll of Town Portal |
| 17:52 | Animate Dead |
| Select group | 331 |
| Right click | 297 |
| Chat | 203 |
| Select | 164 |
| Misc. action | 85 |
| Build/train/purchase | 70 |
| Assign group | 55 |
| Use ability | 27 |
| Minimap ping | 6 |
| Item give/drop | 1 |
| Esc | 1 |


| Healing Salve | 2 | 200 |
| Lesser Clarity Potion | 1 | 70 |
| Scroll of Speed | 1 | 50 |
| Scroll of Healing | 1 | 250 |
| total: | 5 | 570g |
| Peon | 13 | 975 | / | 0 |
| Grunt | 3 | 600 | / | 0 |
| Tauren | 6 | 1680 | / | 480 |
| Shaman | 6 | 780 | / | 120 |
| total: | 28 | 4035g | / | 600w |
| Watch Tower | 6 | 660 | / | 480 |
| Orc Burrow | 5 | 800 | / | 200 |
| Barracks | 1 | 180 | / | 50 |
| Altar of Storms | 1 | 180 | / | 50 |
| War Mill | 1 | 205 | / | 0 |
| Voodoo Lounge | 1 | 130 | / | 30 |
| Great Hall | 2 | 770 | / | 370 |
| Tauren Totem | 1 | 135 | / | 155 |
| Spirit Lodge | 1 | 150 | / | 150 |
| Stronghold | 1 | 315 | / | 190 |
| Fortress | 1 | 325 | / | 190 |
| total: | 19 | 3210g | / | 1485w |
| 0:12 | Orc Burrow |
| 0:15 | Barracks |
| 0:30 | Peon |
| 0:32 | Altar of Storms |
| 0:39 | Peon |
| 1:09 | Peon |
| 1:45 | Peon |
| 2:03 | Peon |
| 2:11 | Grunt |
| 2:41 | War Stomp |
| 2:59 | Orc Burrow |
| 3:05 | War Mill |
| 3:07 | Voodoo Lounge |
| 3:12 | Peon |
| 3:12 | Peon |
| 4:01 | Stronghold |
| 4:03 | Grunt |
| 4:17 | Healing Salve |
| 4:32 | Grunt |
| 4:37 | Orc Burrow |
| 5:18 | Endurance Aura |
| 5:37 | Orc Burrow |
| 6:31 | Fortress |
| 6:32 | Tauren Totem |
| 6:34 | Spirit Lodge |
| 7:30 | Healing Wave |
| 7:38 | Healing Salve |
| 7:38 | Lesser Clarity Potion |
| 7:38 | Scroll of Speed |
| 8:17 | Great Hall |
| 8:19 | Shaman Adept Training |
| 8:25 | Scroll of Healing |
| 8:28 | War Stomp |
| 8:52 | Tauren |
| 9:31 | Shaman Master Training |
| 9:31 | Shaman |
| 9:34 | Orc Burrow |
| 10:21 | Tauren |
| 10:22 | Shaman |
| 10:39 | Hex |
| 10:57 | Tauren |
| 11:02 | Peon |
| 11:02 | Peon |
| 11:02 | Peon |
| 11:02 | Peon |
| 11:44 | Shaman |
| 11:46 | Steel Melee Weapons |
| 11:46 | Steel Armor |
| 12:24 | Reinforced Defenses |
| 12:25 | Tauren |
| 12:26 | Shaman |
| 12:32 | Peon |
| 12:32 | Peon |
| 13:11 | Tauren |
| 13:14 | Pillage |
| 13:35 | Tauren |
| 13:46 | Shaman |
| 13:46 | Shaman |
| 15:02 | Watch Tower |
| 15:09 | Endurance Aura |
| 15:18 | Hex |
| 15:18 | Hex |
| 15:34 | Watch Tower |
| 15:35 | Watch Tower |
| 15:36 | Watch Tower |
| 15:38 | Great Hall |
| 15:40 | Watch Tower |
| 16:23 | Watch Tower |
| Right click | 928 |
| Select group | 873 |
| Select | 341 |
| Misc. action | 139 |
| Build/train/purchase | 65 |
| Chat | 56 |
| Assign group | 20 |
| Use ability | 19 |
| Minimap ping | 9 |
| Item give/drop | 1 |
| Esc | 1 |
⇛